 Dungeon Crawl Stone Soup version 0.30-a0-953-g5f1da4a474 (webtiles) character file.

Game seed: 985290613396652921

23 jasper the Vexing (level 2, -6/21 HPs)
             Began as a Demonspawn Hexslinger on Mar 28, 2023.
             Killed by nerve-wracking pain
             ... invoked by Jessica
              (12 damage)
             ... on level 2 of the Dungeon.
             The game lasted 00:01:42 (879 turns).

jasper the Vexing (Demonspawn Hexslinger)            Turns: 879, Time: 00:01:42

Health: -6/21      AC:  7    Str: 10    XL:     2   Next: 75%
Magic:  3/3        EV:  8    Int: 14    God:
Gold:   52         SH:  0    Dex: 13    Spells: 2/3 levels left

rFire   . . .      SeeInvis .    a - +1 sling
rCold   . . .      Faith    .    (no shield)
rNeg    . . .      Spirit   .    g - +0 scale mail
rPois   .          Reflect  .    (helmet restricted)
rElec   .          Rampage  .    (no cloak)
rCorr   .                        (no gloves)
Will    .....                    e - +0 pair of boots Stlth
                                 (no amulet)
HPRegen 0.23/turn                (no ring)
MPRegen 0.08/turn                (no ring)

@: no status effects
A: horns 1
a: no special abilities


You were on level 2 of the Dungeon.
You visited 1 branch of the dungeon, and saw 2 of its levels.

You collected 52 gold pieces.

Inventory:

Hand Weapons
 a - a +1 sling (weapon)
Armour
 c - a +0 robe
 e - a +0 pair of boots (worn)
 g - a +0 scale mail (worn)
 h - a +0 leather armour
Scrolls
 b - a scroll of poison
Potions
 d - a potion of attraction
 f - a potion of haste {unknown}
 i - a potion of lignification {unknown}
 j - a potion of heal wounds {unknown}


   Skills:
 - Level 1.0 Fighting
 + Level 3.0 Ranged Weapons
 - Level 1.7 Dodging
 - Level 1.0 Spellcasting
 - Level 3.0 Hexes


You had 2 spell levels left.
You knew the following spells:

 Your Spells              Type           Power      Damage    Failure   Level
a - Slow                  Hex            36%        N/A       50%         1

Your spell library contained the following spells:

 Spells                   Type           Power      Damage    Failure   Level
 Inner Flame              Hex/Fire       4%         N/A       97%         3
 Portal Projectile        Hex/Tloc       8%         N/A       97%         3
 Cause Fear               Hex            4%         N/A       99%         4


Dungeon Overview and Level Annotations

Branches:
Dungeon (2/15)

Altars:

Annotations:
D:2 Jessica


Innate Abilities, Weirdness & Mutations

You have a pair of small horns on your head.


Message History

The jackal closely misses you.
Fire: a) +1 sling
Press: ? - help, Q - select action, (/) - cycle Shift-Dir - straight line, f - jackal
Aim: a jackal (47% to hit)
You shoot a sling bullet.
The sling bullet closely misses the jackal.
The jackal barely misses you. The jackal bites you.
The jackal closely misses you.
You take 1 damage, and have 18/21 hp.
Fire: a) +1 sling
Press: ? - help, Q - select action, (/) - cycle Shift-Dir - straight line, f/p - jackal
Aim: a jackal (47% to hit)
You shoot a sling bullet.
The sling bullet barely misses the jackal.
The sling bullet closely misses Jessica.
The jackal closely misses you.
The jackal bites you but does no damage.
Fire: a) +1 sling
Press: ? - help, Q - select action, (/) - cycle Shift-Dir - straight line, f/p - jackal
Aim: a jackal (47% to hit)
You shoot a sling bullet. The sling bullet hits the jackal!
You kill the jackal!
Jessica shouts, "I don't like beings like you!"
Fire: a) +1 sling
Press: ? - help, Q - select action, (/) - cycle Shift-Dir - straight line, f - Jessica
Aim: Jessica, wielding a +4 dagger of electrocution, wearing a +0 robe and carrying a wand of flame (14) (56% to hit)
You shoot a sling bullet. The sling bullet hits Jessica.
Jessica is severely wounded.
Jessica hits you with a +4 dagger of electrocution.
Jessica hits you but does no damage.
You are electrocuted!
* * * LOW HITPOINT WARNING * * *
You take 14 damage, and have 5/21 hp.
MASSIVE DAMAGE!!
Fire: a) +1 sling
Press: ? - help, Q - select action, (/) - cycle Shift-Dir - straight line, f/p - Jessica
Aim: Jessica, wielding a +4 dagger of electrocution, wearing a +0 robe and carrying a wand of flame (14) (severely wounded, 56% to hit)
You shoot a sling bullet. The sling bullet barely misses Jessica.
Jessica points at you and mumbles some strange words.
Pain shoots through your body!
Ouch! That really hurt!
You die...

.# .# #.# #### #.#
###.###... ..#
####........# ..#
#..[....##..# <.#
#..<....##..# ..#
#.).....##..####..#
#.......##..##....##..
#.......##..@@.......#
#.......)...##.#.###...
#.......##.###.#.# .
##.#######.......# #.
..###.### #. #... ...
#..# #.. #..# #.. ...#


You could see Jessica.

Vanquished Creatures
  2 giant cockroaches (D:1)
  2 goblins (D:1)
  3 hobgoblins (D:1)
  7 jackals
  2 kobolds (D:2)
  2 ball pythons (D:1)
  A rat (D:1)
19 creatures vanquished.

Notes
Turn   | Place    | Note
-------+----------+-------------------------------------------
     0 | D:1      | jasper the Demonspawn Hexslinger began the quest for the
                  | Orb.
     0 | D:1      | Reached XP level 1. HP: 15/15 MP: 2/2
   241 | D:1      | Gained mutation: You have a pair of small horns on your
                  | head. [demonic ancestry]
   241 | D:1      | Reached XP level 2. HP: 21/21 MP: 3/3
   868 | D:2      | Noticed Jessica
   879 | D:2      | Killed from afar by Jessica

Illustrated notes

Levels and vault maps discovered:
D:1:      minmay_arrival_floating_metal, layout_basic
D:2:      layout_loops_ring, uniq_jessica

Skill      XL: |  1  2 |
---------------+-------+-----
Ranged Weapons | 2 3 |  3.0
Fighting       | |  1.0
Dodging        | |  1.7
Spellcasting   | |  1.0
Hexes          | |  3.0

Action                     || total
---------------------------++-------
   Fire: Sling             ||    61
    Use: Scroll            ||     2
 Armour: Leather armour    ||    21
         Scale mail        ||     4
  Dodge: Dodged            ||    26

Table legend: (Time is in decaauts)
 A = Elapsed time spent in this place.
 B = Non-inter-level travel time spent in this place.
 C = Inter-level travel time spent in this place.
 D = Time resting spent in this place.
 E = Time spent auto-exploring this place.
 F = Levels seen in this place.
 G = Mean time per level.
                   A        B        C        D        E       F      G
               +--------+--------+--------+--------+--------+-----+--------+
         Total |    922 |    875 |     47 |    103 |    613 |   2 |  461.0 |
       Dungeon |    922 |    875 |     47 |    103 |    613 |   2 |  461.0 |
               +--------+--------+--------+--------+--------+-----+--------+

Top non-repeatable levels by time:
     D:1: 867 daAuts
     D:2: 54 daAuts
